 Dungeon Crawl Stone Soup version 0.23-a0-8-gb809bb70e4 (webtiles) character file.

1131 MirrMurr the Cudgeler (level 8, -6/51 HPs)
             Began as a Gargoyle Berserker on Aug 1, 2018.
             Was an Elder of Trog.
             Killed by divine providence
             ... invoked by an orc priest
              (14 damage)
             ... on level 5 of the Dungeon.
             The game lasted 00:11:12 (5652 turns).

MirrMurr the Cudgeler (Gargoyle Berserker)          Turns: 5652, Time: 00:11:13

Health: -6/51      AC: 16    Str: 23    XL:     8   Next: 36%
Magic:  8/8        EV:  8    Int:  8    God:    Trog [****..]
Gold:   265        SH:  0    Dex:  9    Spells: 7/7 levels left

rFire    . . .     SeeInvis .   a - +3 mace (crush)
rCold    . . .     Gourm    .   (no shield)
rNeg     + . .     Faith    +   h - +0 chain mail
rPois    ∞         Spirit   .   j - +0 helmet
rElec    +         Reflect  .   (no cloak)
rCorr    .         Harm     .   (no gloves)
MR       .....                  (no boots)
Stlth    ..........             e - amulet of faith
HPRegen  0.17/turn              (no ring)
MPRegen  0.11/turn              (no ring)

@: berserk cooldown, slowed, very slow
A: negative energy resistance 1, electricity resistance, unbreathing,
petrification resistance, rot immunity, AC +5
a: Berserk, Trog's Hand, Brothers in Arms, Renounce Religion


You were on level 5 of the Dungeon.
You worshipped Trog.
Trog was greatly pleased with you.
You were hungry.

You visited 1 branch of the dungeon, and saw 5 of its levels.
You also visited: Sewer.

You collected 265 gold pieces.

Inventory:

Hand Weapons
 a - a +3 mace of crushing (weapon)
 b - a +0 hunting sling
Missiles
 d - 138 stones
 f - 4 tomahawks (quivered)
Armour
 h - a +0 chain mail (worn)
 j - a +0 helmet (worn)
Jewellery
 e - an amulet of faith (around neck)
 i - a +4 ring of protection {unknown}
 o - a +2 ring of dexterity {unknown}
 r - an uncursed ring of protection from magic {unknown}
 v - a cursed ring of teleportation {unknown}
Scrolls
 q - a scroll of fog
 w - 3 scrolls of teleportation
Potions
 g - 3 potions of curing
 k - 2 potions of flight
 l - 2 potions of degeneration {unknown}
 m - a potion of agility {unknown}
 n - 2 potions of lignification {unknown}
 p - 2 potions of mutation
 s - a potion of invisibility {unknown}
 t - a potion of heal wounds {unknown}
Comestibles
 c - 7 rations


   Skills:
 + Level 6.2 Fighting
 * Level 7.5 Maces & Flails
 + Level 5.6 Armour
 - Level 1.5 Dodging


You had 7 spell levels left.
You didn't know any spells.
Your spell library was empty.

Dungeon Overview and Level Annotations

Branches:
Dungeon (5/15)
 Temple: D:4-7

Altars:
Beogh

Annotations:
D:1 flight


Innate Abilities, Weirdness & Mutations

You are resistant to torment.
Your stone body is resilient. (AC +5)
You are immune to poison.
You resist negative energy. (rN+)
You are resistant to electric shocks. (rElec)
You can survive without breathing.
You are immune to petrification.
You are immune to rotting.


Message History

The jackal bites you but does no damage.
The crimson imp hits you but does no damage.
The jackal bites you but does no damage.
The crimson imp blinks!
The orc priest mumbles some strange prayers to Beogh against you.
Beogh smites you!
The jackal bites you but does no damage.
You see here a jackal corpse.
The jackal bites you but does no damage.
The orc priest invokes the aid of Beogh against you.
Beogh smites you!
* * * LOW HITPOINT WARNING * * *
The jackal bites you but does no damage.
The orc priest looks braver for a moment.
The jackal completely misses you.
The jackal bites you but does no damage.
The crimson imp blinks!
The jackal barely misses you. x2
The orc priest mumbles some strange prayers to Beogh against you.
Beogh smites you!
You die...

#..o. #[... #.)# #### #..# #+#
### #?§###..###..###.###.##
#..†....#.............#
#.o.....'.............#
#.$.o...#.............#
#.../o..#.............+
#.....oh#.............#
#######@###.<.##..###<#
#+##############.###...##..#
###
......#.......#..............
......+.......'..............#
..##..##.###)####+###..###..##
..##..##.###.###..# #..# ##
..#.......#.............
..#.......'.............
#######..######..###


You could see 2 orc priests, an orc wizard, an orc and a jackal.

Vanquished Creatures
  Menkaure (D:5)
  An ice beast (D:5)
  Purgy (Sewer)
  2 ogres
  A big kobold (Sewer)
  A howler monkey (D:5)
  A hound (D:4)
  3 orc priests
  4 orc wizards
  An iguana (D:4)
  A worker ant (D:4)
  Robin (D:2)
  16 adders
  An ooze (D:4)
  An adder zombie (D:4)
  An adder skeleton (D:4)
  6 worms
  4 dart slugs
  4 leopard geckos
  13 orcs
  13 goblins
  3 hobgoblins (D:2)
  13 jackals
  16 kobolds
  2 quokkas
  A ball python (D:1)
  2 bats (D:2)
  A frilled lizard (D:3)
  8 rats
123 creatures vanquished.

Notes
Turn   | Place    | Note
-------+----------+-------------------------------------------
     0 | D:1      | MirrMurr the Gargoyle Berserker began the quest for the Orb.
     0 | D:1      | Reached XP level 1. HP: 14/14 MP: 1/1
   172 | D:1      | Reached XP level 2. HP: 16/19 MP: 2/2
   694 | D:2      | Reached XP level 3. HP: 19/24 MP: 3/3
  1045 | D:2      | Reached skill level 4 in Maces & Flails
  1045 | D:2      | Reached XP level 4. HP: 25/29 MP: 4/4
  1328 | D:2      | Reached ** piety under Trog
  1477 | D:2      | Noticed Robin
  1482 | D:2      | Killed Robin
  1787 | D:2      | Reached XP level 5. HP: 21/33 MP: 5/5
  2319 | D:3      | Found a roughly hewn altar of Beogh.
  2351 | D:3      | Reached skill level 5 in Maces & Flails
  2843 | D:3      | Reached *** piety under Trog
  2912 | D:3      | Reached XP level 6. HP: 39/39 MP: 6/6
  3499 | D:4      | Found a glowing drain.
  3538 | Sewer    | Entered a sewer
  3687 | Sewer    | Noticed Purgy
  3696 | Sewer    | Killed Purgy
  3965 | Sewer    | Reached skill level 5 in Fighting
  3965 | Sewer    | Reached XP level 7. HP: 39/44 MP: 7/7
  4116 | D:4      | Reached skill level 6 in Maces & Flails
  4743 | D:4      | Reached **** piety under Trog
  4966 | D:4      | Reached skill level 5 in Armour
  5478 | D:5      | Entered Level 5 of the Dungeon
  5601 | D:5      | Reached skill level 7 in Maces & Flails
  5601 | D:5      | Reached XP level 8. HP: 51/51 MP: 8/8
  5608 | D:5      | Noticed Menkaure
  5621 | D:5      | Killed Menkaure
  5652 | D:5      | Killed from afar by an orc priest

Vault maps used:
D:1:      lemuel_arrival_lava_pool
D:2:      uniq_robin
D:3:      kennysheep_cross_room, kennysheep_orc_chapel
D:4:      lightli_sewer_entry_pipes
D:5:      first_ration, uniq_menkaure, uniq_ijyb, uniq_edmund
Sewer:    kennysheep_door_sewer

Skill      XL: |  1  2  3  4  5  6  7  8 |
---------------+-------------------------+-----
Maces & Flails | 4 5 7 |  7.5
Armour         | 3 4 5 |  5.6
Fighting       | 4 5 6 |  6.2
Dodging        | |  1.5

Action                   |  1- 3 |  4- 6 |  7- 9 || total
-------------------------+-------+-------+-------++-------
Melee: Mace              |   102 |   332 |   135 ||   569
 Fire: Hunting sling     |       |    57 |       ||    57
Invok: Berserk           |     1 |     3 |     2 ||     6
       Trog's Hand       |       |       |     3 ||     3
  Use: Scroll            |     1 |     2 |     6 ||     9
       Potion            |       |     1 |       ||     1
  Eat: Chunk             |     1 |    13 |     8 ||    22
Armor: Animal skin       |     7 |       |       ||     7
       Chain mail        |    49 |   220 |    69 ||   338
Dodge: Dodged            |    75 |   154 |    52 ||   281

Table legend:
 A = Spawn XP
 B = Non-spawn XP
 C = Spawn XP percentage of total XP
 D = Spawn monster count
 E = Non-spawn monster count
 F = Spawn count percentage of total count
 G = Total turns spent on level
                    A         B        C        D         E        F      G
               +---------+---------+-------+---------+---------+-------+---------
         Total |       0 |    1617 |   0.0 |       0 |     123 |   0.0 |  5652
               +---------+---------+-------+---------+---------+-------+---------
           D:1 |       0 |      28 |   0.0 |       0 |      16 |   0.0 |   660
           D:2 |       0 |     154 |   0.0 |       0 |      30 |   0.0 |  1439
           D:3 |       0 |     184 |   0.0 |       0 |      33 |   0.0 |  1608
           D:4 |       0 |     527 |   0.0 |       0 |      31 |   0.0 |  1359
           D:5 |       0 |     484 |   0.0 |       0 |       7 |   0.0 |   116
         Sewer |       0 |     240 |   0.0 |       0 |       6 |   0.0 |   470
               +---------+---------+-------+---------+---------+-------+---------
